 Dungeon Crawl Stone Soup version 0.21-a0-72-gbbb65ab (webtiles) character file.

852 xgamer67 the Merchant of Misery (level 7, -1/46 HPs)
             Began as a Demonspawn Necromancer on June 20, 2017.
             Was a Believer of Kikubaaqudgha.
             Slain by a killer bee (8 damage)
             ... on level 5 of the Dungeon.
             The game lasted 00:16:36 (5118 turns).

xgamer67 the Merchant of Misery (DsNe)              Turns: 5118, Time: 00:16:37

Health: -1/46      AC:  8    Str:  8    XL:     7   Next: 69%
Magic:  1/11       EV: 10    Int: 19    God:    Kikubaaqudgha [**....]
Gold:   138        SH:  0    Dex: 13    Spells: 2/12 levels left

rFire    . . .     SeeInvis .   a - +2 dagger (venom)
rCold    + . .     Gourm    .   (no shield)
rNeg     . . .     Faith    .   k - +1 ring mail
rPois    .         Spirit   .   (helmet restricted)
rElec    .         Reflect  .   (no cloak)
rCorr    .         Harm     .   (no gloves)
MR       .....                  (no boots)
Stlth    +.........             t - amulet of regeneration
HPRegen  1.55/turn              l - ring of flight
MPRegen  0.12/turn              (no ring)

@: lethally poisoned (-1 -> -1), very slightly contaminated, regenerating
A: antennae 1, slimy green scales 1, cold resistance 1
a: Receive Corpses, Renounce Religion, Evoke Flight


You were on level 5 of the Dungeon.
You worshipped Kikubaaqudgha.
Kikubaaqudgha was pleased with you.
You were hungry.

You visited 1 branch of the dungeon, and saw 5 of its levels.

You collected 138 gold pieces.

Inventory:

Hand Weapons
 a - a +2 dagger of venom (weapon)
Armour
 k - a +1 ring mail (worn)
Jewellery
 l - a ring of flight (left hand)
 t - an amulet of regeneration (around neck)
Wands
 n - a wand of disintegration (21/24)
 s - a wand of iceblast (8/15)
Scrolls
 e - 3 scrolls of remove curse
 i - 3 scrolls of teleportation
Potions
 d - a potion of ambrosia
 f - a potion of cancellation
 h - a potion of heal wounds
 m - a potion of mutation {unknown}
 p - a potion of resistance {unknown}
 q - a potion of curing {unknown}
Books
 b - a book of Necromancy

   Spells                             Type                      Level
   a - Pain                           Necromancy                   1
   b - Animate Skeleton               Necromancy                   1
   c - Vampiric Draining              Necromancy                   3
   d - Regeneration                   Charms/Necromancy            3
   e - Animate Dead                   Necromancy                   4
   f - Control Undead                 Necromancy                   4
 r - Kikubaaqudgha's Disquisition on Sinister Rituals
   (Kikubaaqudgha gifted it to you on level 4 of the Dungeon)

   Spells                             Type                      Level
   a - Animate Skeleton               Necromancy                   1
   b - Corpse Rot                     Necromancy                   2
   c - Sublimation of Blood           Necromancy                   2
   d - Vampiric Draining              Necromancy                   3
   e - Control Undead                 Necromancy                   4
Comestibles
 c - 5 bread rations
 j - 2 royal jellies
 o - 2 fruits
 v - a meat ration


   Skills:
 - Level 2.0 Dodging
 - Level 2.0 Stealth
 + Level 3.3 Spellcasting
 + Level 3.3 Charms
 + Level 8.1 Necromancy
 + Level 2.9 Evocations


You had 2 spell levels left.
You knew the following spells:

 Your Spells              Type           Power        Failure   Level  Hunger
a - Pain                  Necr           ####         1%          1    None
b - Vampiric Draining     Necr           ####......   4%          3    ###....
c - Corpse Rot            Necr           N/A          2%          2    ##.....
d - Animate Skeleton      Necr           N/A          1%          1    None
e - Regeneration          Chrm/Necr      ####......   13%         3    ###....


Dungeon Overview and Level Annotations

Branches:
Dungeon (5/15)
 Temple: D:4-7

Altars:
Kikubaaqudgha
Uskayaw
Wu Jian
Zin

Annotations:
D:2 Natasha, Sigmund


Innate Abilities, Weirdness & Mutations

You have a pair of small antennae on your head.
You are partially covered in slimy green scales. (AC +2)
Your flesh is cold resistant. (rC+)


Message History

Press: ? - help, Shift-Dir - straight line, f/p - killer bee
Aim: a killer bee (chance to defeat MR: 89%)
The killer bee writhes in agony!
Casting: Pain
Confirm with . or Enter, or press ? or * to list all spells.
Aiming: Pain
Press: ? - help, Shift-Dir - straight line, f/p - killer bee
Aim: a killer bee (lightly wounded, chance to defeat MR: 89%)
The killer bee writhes in agony!
You feel sick. The killer bee misses you. The killer bee closely misses you.
Casting: Pain
Confirm with . or Enter, or press ? or * to list all spells.
Aiming: Pain
Press: ? - help, Shift-Dir - straight line, f/p - killer bee
Aim: a killer bee (heavily wounded, chance to defeat MR: 89%)
The killer bee writhes in agony!
You feel sick. The killer bee stings you.
* * * LOW HITPOINT WARNING * * *
The killer bee stings you!
You die...
Kikubaaqudgha rasps: "You have failed me!
Welcome... death!"

.## # #..# $.# #y ##.#
#########.#####.## # ###
#................. .#
#........†.#####..###.#
#.....................
#########..#######..#
##.#######..#
#######.†@y..†...##
#.....########....#..##
#.....## #........#
#......#######.###....#
#......#..(.##.# #.#..#
#..............# #.#..#
###########.....#....#.#..#♣♣♣
#........###....#.............
#..).....#................<...


You could see a killer bee.

Vanquished Creatures
  An ogre (D:4)
  A scorpion (D:5)
  3 killer bees (D:5)
  A centaur zombie (D:5)
  A hound (D:4)
  A centaur skeleton (D:4)
  An orc priest (D:4)
  A gnoll shaman (D:4)
  A jelly (D:4)
  An iguana (D:5)
  Ijyb (D:3)
  3 orc wizards
  4 worker ants
  4 gnolls
  A howler monkey skeleton (D:5)
  3 adders
  2 shadow imps (D:5)
  A worm (D:3)
  4 dart slugs
  19 orcs
  2 ball pythons
  3 giant cockroaches
  6 goblins
  5 hobgoblins (D:1)
  10 jackals
  3 quokkas
  3 bats
  3 frilled lizards
  5 kobolds
  6 rats
100 creatures vanquished.

Vanquished Creatures (others)
  A bat (D:1)
1 creature vanquished.

Grand Total: 101 creatures vanquished

Notes
Turn   | Place    | Note
-------+----------+-------------------------------------------
     0 | D:1      | xgamer67 the Demonspawn Necromancer began the quest for the Orb.
     0 | D:1      | Reached XP level 1. HP: 13/13 MP: 3/3
     2 | D:1      | Learned a level 1 spell: Animate Skeleton
   337 | D:1      | Gained mutation: Your flesh is cold resistant. (rC+) [demonic ancestry]
   337 | D:1      | Reached XP level 2. HP: 13/19 MP: 5/5
   658 | D:1      | Reached skill level 5 in Necromancy
  1017 | D:1      | Reached XP level 3. HP: 24/24 MP: 6/6
  1196 | D:2      | Noticed Natasha
  1256 | D:2      | Noticed Sigmund
  1762 | D:3      | Found a glowing silver altar of Zin.
  1763 | D:3      | Noticed Ijyb
  1785 | D:3      | Killed Ijyb
  1785 | D:3      | Reached skill level 6 in Necromancy
  1785 | D:3      | Reached XP level 4. HP: 22/30 MP: 3/7
  1799 | D:3      | Learned a level 3 spell: Vampiric Draining
  1803 | D:3      | Found a hide-covered altar of Uskayaw.
  1803 | D:3      | Found an ancient bone altar of Kikubaaqudgha.
  1810 | D:3      | Became a worshipper of Kikubaaqudgha
  2743 | D:4      | Gained mutation: You have a pair of small antennae on your head. [demonic ancestry]
  2743 | D:4      | Reached XP level 5. HP: 13/35 MP: 2/8
  3020 | D:4      | Learned a level 3 spell: Regeneration
  3032 | D:4      | Reached skill level 7 in Necromancy
  3039 | D:4      | Reached skill level 1 in Charms
  3493 | D:4      | Gained mutation: You are partially covered in slimy green scales. (AC +2) [demonic ancestry]
  3493 | D:4      | Reached XP level 6. HP: 28/41 MP: 9/9
  3497 | D:4      | Reached * piety under Kikubaaqudgha
  3497 | D:4      | Identified Kikubaaqudgha's Disquisition on Sinister Rituals (Kikubaaqudgha gifted it to you on level 4 of the Dungeon)
  3497 | D:4      | Received a gift from Kikubaaqudgha
  3613 | D:4      | Reached skill level 1 in Evocations
  4173 | D:5      | Entered Level 5 of the Dungeon
  4424 | D:5      | Reached XP level 7. HP: 30/46 MP: 10/10
  4434 | D:5      | HP: 2/46 [iguana (11)]
  4531 | D:5      | Found an ornate altar of the Wu Jian Council.
  4891 | D:5      | Reached ** piety under Kikubaaqudgha
  4895 | D:5      | Learned a level 2 spell: Corpse Rot
  4941 | D:5      | Reached skill level 8 in Necromancy
  5118 | D:5      | Slain by a killer bee

Vault maps used:
D:1:      shiori_arrival_oz
D:2:      uniq_sigmund, uniq_natasha, uniq_crazy_yiuf_cottage
D:3:      gammafunk_temple_overflow_forgotten, uniq_ijyb
D:5:      fedhas_altar_fruit_tree, kennysheep_mini_moat, first_bread

Skill      XL: |  1  2  3  4  5  6  7 |
---------------+----------------------+-----
Stealth        | 2 |  2.0
Dodging        | 2 |  2.0
Necromancy     | 5 6 7 8 |  8.1
Charms         | 1 2 3 |  3.3
Evocations     | 2 |  2.9
Spellcasting   | 3 |  3.3

Action                   |  1- 3 |  4- 6 |  7- 9 || total
-------------------------+-------+-------+-------++-------
Melee: Dagger            |   116 |   169 |   102 ||   387
       Unarmed           |     3 |       |       ||     3
 Cast: Pain              |     7 |    28 |     9 ||    44
       Animate Skeleton  |       |     4 |       ||     4
       Regeneration      |       |     1 |     2 ||     3
       Vampiric Draining |       |       |     4 ||     4
Evoke: Wand              |       |       |     1 ||     1
  Use: Scroll            |       |     9 |     4 ||    13
 Stab: Sleeping          |     2 |       |       ||     2
  Eat: Chunk             |     3 |     7 |     3 ||    13
       Fruit             |       |     2 |       ||     2
Armor: Robe              |    13 |       |       ||    13
       Ring mail         |    24 |    54 |    40 ||   118
Dodge: Dodged            |    54 |    95 |    71 ||   220
